 Dungeon Crawl Stone Soup version 0.29.1-1-gd02db6906a (webtiles) character file.

Game seed: 13924865576453013087

213 concernfroge the Trooper (level 5, -3/47 HPs)
             Began as a Mummy Monk on Sept 18, 2022.
             Killed by divine providence
             ... invoked by an orc priest
              (16 damage)
             ... on level 5 of the Dungeon.
             The game lasted 00:07:16 (3888 turns).

concernfroge the Trooper (Mummy Monk)               Turns: 3888, Time: 00:07:17

Health: -3/47      AC:  6    Str: 16    XL:     5   Next: 59%
Magic:  5/5        EV: 11    Int: 10    God:
Gold:   281        SH:  0    Dex: 14    Spells: 4/4 levels left

rFire   x . .      SeeInvis .   g - +0 war axe
rCold   + . .      Faith    .   (no shield)
rNeg    + + +      Spirit   .   c - +0 ring mail
rPois   ∞          Reflect  .   j - +0 helmet
rElec   .          Harm     .   (no cloak)
rCorr   .          Rampage  .   (no gloves)
Will    .....                   (no boots)
Stlth   +.........              (no amulet)
HPRegen 0.15/turn               (no ring)
MPRegen 0.09/turn               (no ring)

@: about to teleport
A: cold resistance 1, negative energy resistance 3, torment resistance 2, heat
vulnerability 1, in touch with death 1, no potions
a: no special abilities


You were on level 5 of the Dungeon.
You visited 1 branch of the dungeon, and saw 5 of its levels.

You collected 281 gold pieces.

Inventory:

Hand Weapons
 b - a +0 quarterstaff
 g - a +0 war axe (weapon)
Missiles
 h - 5 javelins (quivered)
Armour
 c - a +0 ring mail (worn)
 j - a +0 helmet (worn)
Wands
 d - a wand of iceblast (8)
 i - a wand of paralysis (6)
Scrolls
 a - 2 scrolls of enchant weapon {unknown}
 e - 4 scrolls of identify {unknown}
 f - a scroll of teleportation
 m - a scroll of fog


   Skills:
 + Level 6.4 Fighting
 - Level 2.4 Polearms
 - Level 2.4 Dodging
 - Level 1.5 Stealth


You had 4 spell levels left.
You didn't know any spells.
Your spell library contained the following spells:

 Spells                   Type           Power      Damage    Failure   Level
 Ignite Poison            Fire/Tmut/Pois 0%         N/A       91%         3
 Mephitic Cloud           Conj/Pois/Air  0%         N/A       91%         3
 Ozocubu's Armour         Ice            0%         N/A       91%         3
 Freezing Cloud           Conj/Ice/Air   0%         6-21      100%        5
 Ozocubu's Refrigeration  Ice            0%         4d7       100%        7
 Summon Hydra             Summ           0%         N/A       100%        7
 Sublimation of Blood     Necr           Unusable   N/A       N/A         2
 Wereblood                Tmut           Unusable   N/A       N/A         2

Dungeon Overview and Level Annotations

Branches:
Dungeon (5/15)
 Temple: D:4-7

Altars:
Dithmenos


Innate Abilities, Weirdness & Mutations

You are immune to poison.
Your flesh is cold resistant. (rC+)
You are immune to negative energy. (rN+++)
You are immune to unholy pain and torment.
You are vulnerable to heat. (rF-)
You are in touch with the powers of death.
You do not drink.


Message History

An orc priest comes into view. It is wielding a +0 short sword.
You hit the hound but do no damage. The hound barely misses you.
An adder comes into view.
The orc priest calls down the wrath of Beogh upon you.
Beogh smites you! The hound barely misses you.
Unknown command.
The hound attacks as you move away! The hound barely misses you.
The adder hisses angrily.
The hound bites you.
An orc comes into view. It is wielding a +0 falchion.
The adder attacks as you move away! The adder closely misses you.
The hound attacks as you move away! The hound bites you.
The hound closely misses you.
The hound splashes around in the water.
The hound bites you but does no damage. The hound attacks as you move away!
The hound bites you but does no damage. The hound bites you.
The hound attacks as you move away! The hound misses you.
The adder closely misses you.
You barely miss the adder. The adder barely misses you.
The adder bites you but does no damage.
You hit the adder.
The adder is heavily wounded.
The adder bites you.
You slash the adder!
You kill the adder!
The hound bites you.
You barely miss the hound.
The orc priest calls down the wrath of Beogh upon you.
Beogh smites you! The hound closely misses you. The hound bites you.
* * * LOW HITPOINT WARNING * * *
The hound bites you but does no damage.
You hit the hound but do no damage. The hound bites you.
* * * LOW HITPOINT WARNING * * *
The hound misses you.
As you read the scroll of teleportation, it crumbles to dust.
You feel strangely unstable. The hound barely misses you.
The orc priest calls down the wrath of Beogh upon you.
Beogh smites you!
You die...

~P~~~P)o.o#
~P~~♣♣~o♣##
~~~~~~~♣~####
~P~~~~P~♣~..#
~~≈~~~~~P~#.##
~≈≈≈≈≈~~♣♣.oo#
P≈≈≈≈≈≈~♣♣##S#
~≈≈≈≈≈≈~P♣♣#h# ~♣~
≈≈≈≈≈≈≈~♣~P#@#
P~~~≈≈≈≈≈≈≈~PP♣#.#
~P~~≈≈≈≈≈≈≈≈~~~#.#
♣P~~≈≈≈≈≈≈≈~~P♣#.#
♣~~≈≈≈≈≈≈≈≈≈~P~#.#
~~P♣≈≈≈≈≈≈P~~~♣#.###
♣P~≈≈≈≈≈≈≈~~~♣#...#
♣P~~≈≈≈≈~♣~~♣P....#
.P♣♣~P~~≈P~~~♣##...#


You could see a hound, 2 orc priests and an adder.

Vanquished Creatures
  2 jellies
  2 gnolls (D:3)
  5 adders
  A white imp (D:4)
  A worm (D:2)
  8 orcs
  5 bats
  9 endoplasms
  A giant cockroach (D:1)
  6 goblins
  11 hobgoblins
  3 quokkas
  3 ball pythons
  A frilled lizard (D:2)
  4 kobolds
  9 rats
71 creatures vanquished.

Vanquished Creatures (others)
  4 plants (D:5)
4 creatures vanquished.

Grand Total: 75 creatures vanquished

Notes
Turn   | Place    | Note
-------+----------+-------------------------------------------
     0 | D:1      | concernfroge the Mummy Monk began the quest for the Orb.
     0 | D:1      | Reached XP level 1. HP: 18/18 MP: 1/1
   121 | D:1      | Found a faded altar of an unknown god.
   268 | D:1      | Reached XP level 2. HP: 24/24 MP: 2/2
   712 | D:2      | Reached skill level 4 in Fighting
   864 | D:2      | Gained mutation: You are in touch with the powers of death.
                  | [Mummy growth]
   864 | D:2      | Reached XP level 3. HP: 30/30 MP: 3/3
  1178 | D:2      | Found a shadowy altar of Dithmenos.
  1294 | D:2      | Reached XP level 4. HP: 32/38 MP: 4/4
  1583 | D:3      | Reached skill level 5 in Fighting
  2356 | D:4      | Noticed a black bear
  3224 | D:4      | Reached XP level 5. HP: 29/46 MP: 5/5
  3568 | D:5      | Entered Level 5 of the Dungeon
  3603 | D:5      | Reached skill level 6 in Fighting
  3636 | D:5      | Noticed a black bear
  3888 | D:5      | Killed from afar by an orc priest

Illustrated notes

Levels and vault maps discovered:
D:1:      roderic_dead_forest, layout_basic, hellmonk_ecumenical_altar_lost_god,
          minmay_misc_feat_alley
D:2:      layout_rooms, basic_altar
D:3:      layout_basic
D:4:      layout_rooms, serial_glass, glass_columns_b, glass_columns_b,
          glass_columns_b, glass_columns_b, glass_columns_a, glass_columns_c,
          glass_columns_a, glass_columns_a, glass_columns_b, glass_columns_a
D:5:      black_bear_nest_1, layout_loops_ring, corexii_leaking_fountain,
          serial_bayou_lake_a

Skill      XL: |  1  2  3  4  5 |
---------------+----------------+-----
Fighting       | 4 5 6 |  6.4
Polearms       | |  2.4
Dodging        | |  2.4
Stealth        | |  1.5

Action                   |  1- 3 |  4- 6 || total
-------------------------+-------+-------++-------
Melee: Quarterstaff      |    29 |       ||    29
       Spear             |     4 |       ||     4
       War axe           |    59 |   118 ||   177
  Use: Scroll            |       |     5 ||     5
 Stab: Sleeping          |       |     2 ||     2
Armor: Ring mail         |    46 |    78 ||   124
       Robe              |     1 |       ||     1
Dodge: Dodged            |    49 |   110 ||   159
